 Dungeon Crawl Stone Soup version 0.31.0-11-ge490571c62 (webtiles) character file.

Game seed: 14416269126486698583

1639428 TobyConnect the Conqueror (level 25, 257/257 HPs)
             Began as a Minotaur Fighter on Feb 3, 2024.
             Was an Initiate of Gozag.
             Escaped with the Orb
             ... and 3 runes on Feb 4, 2024!
             The game lasted 01:25:30 (69608 turns).

TobyConnect the Conqueror (Minotaur Fighter)       Turns: 69608, Time: 01:25:31

Health: 257/257    AC: 47    Str: 31    XL:     25   Next: 65%
Magic:  22/22      EV: 14    Int:  7    God:    Gozag
Gold:   300        SH:  5    Dex: 10    Spells: 24/24 levels left

rFire   + + +        w - +9 executioner's axe (spect)
rCold   + . .        (shield currently unavailable)
rNeg    + + +        r - +4 crystal plate armour of Huxt {Rampage Will++ Dex+3 Stlth-}
rPois   +            z - +3 crown of Dyrovepreva {rElec Int+2 SInv}
rElec   +            P - +1 cloak {Will+}
rCorr   +            Y - +2 pair of gloves
SInv    +            A - +0 pair of boots of Cheibriados, Building {Harm ^Drain rF+++ Dex-2}
Will    ++++.        x - amulet "Tehul" {Reflect Fly rN+++ Dex-3 SH+5 Stlth-} Stlth
                     l - ring of protection from cold
HPRegen 0.62/turn    H - ring "Qetyzix" {rPois rCorr}
MPRegen 0.18/turn

%: harm (+30% outgoing, +20% incoming), reflection, rampage
@: flying, studying Fighting
A: horns 2, retaliatory headbutt
0: Orb of Zot
}: 3/15 runes: serpentine, barnacled, silver
a: Renounce Religion, Potion Petition, Call Merchant, Bribe Branch


You escaped.
You worshipped Gozag.
Gozag was aware of your devotion.
You visited 10 branches of the dungeon, and saw 48 of its levels.
You visited the Abyss 1 time.
You also visited: Gauntlet and Ice Cave.

You collected 27540 gold pieces.
You spent 10144 gold pieces at shops.
You paid 17096 gold pieces to Gozag.

Inventory:

Hand Weapons
 w - a +9 spectral executioner's axe (weapon)
 y - the +6 war axe of the Eternal Warrior {flame, rElec Int+5}
   (You acquired it on level 6 of the Dungeon)

   Int+5:     It affects your intelligence (+5).
   rElec:     It insulates you from electricity.
Armour
 k - a +0 pair of boots
 r - the +4 crystal plate armour of Huxt (worn) {Rampage Will++ Dex+3 Stlth-}
   (You bought it in a shop on level 3 of the Shoals)

   Dex+3:     It affects your dexterity (+3).
   Will++:    It greatly increases your willpower.
   Rampage:   It bestows one free step when moving towards enemies.
   Stlth-:    It makes you less stealthy.
 z - the +3 crown of Dyrovepreva (worn) {rElec Int+2 SInv}
   (You bought it in a shop on level 3 of the Lair of Beasts)

   Int+2:     It affects your intelligence (+2).
   rElec:     It insulates you from electricity.
   SInv:      It lets you see invisible.
 A - the +0 pair of boots of Cheibriados, Building (worn) {Harm ^Drain rF+++ Dex-2}
   (You acquired it on level 1 of the Depths)

   Dex-2:     It affects your dexterity (-2).
   rF+++:     It renders you almost immune to fire.
   ^Drain:    It drains your maximum health when unequipped.
   Harm:      It increases damage dealt and taken.
 P - a +1 cloak of willpower (worn)
 R - a +3 plate armour of fire resistance
 Y - a +2 pair of gloves (worn)
Jewellery
 d - a ring of willpower
 j - the ring of Qelemestek {rF+ Will+ rCorr Str+3}
   (You bought it in a shop on level 11 of the Dungeon)

   [ring of willpower]

   Str+3:     It affects your strength (+3).
   rF+:       It protects you from fire.
   Will+:     It increases your willpower.
   rCorr:     It protects you from acid and corrosion.
 l - a ring of protection from cold (left hand)
 o - the ring "Vossaekk" {Fire rElec rN+ Str-4 Int+3}
   (You bought it in a shop on level 11 of the Dungeon)

   [ring of fire]

   Fire:      It enhances your fire magic.
   Str-4:     It affects your strength (-4).
   Int+3:     It affects your intelligence (+3).
   rF+:       It protects you from fire.
   rC-:       It makes you vulnerable to cold.
   rElec:     It insulates you from electricity.
   rN+:       It protects you from negative energy.
 x - the amulet "Tehul" (around neck) {Reflect Fly rN+++ Dex-3 SH+5 Stlth-}
   (You bought it in a shop on level 2 of the Orcish Mines)

   [amulet of reflection]

   Reflect:   It reflects blocked missile attacks.
   Dex-3:     It affects your dexterity (-3).
   rN+++:     It renders you almost immune to negative energy.
   Fly:       It grants you flight.
   SH+5:      It affects your SH (+5).
   Stlth-:    It makes you less stealthy.
 E - a +4 ring of protection
 G - a ring of see invisible
 H - the ring "Qetyzix" (right hand) {rPois rCorr}
   (You bought it in a shop on level 2 of the Orcish Mines)

   [ring of resist corrosion]

   rPois:     It protects you from poison rCorr: It protects you from acid and
   corrosion.
 J - a ring of protection from fire
Wands
 c - a wand of mindburst (31)
 v - a wand of flame (112)
 Z - a wand of roots (29)
Scrolls
 b - 6 scrolls of amnesia
 e - 9 scrolls of poison
 f - 14 scrolls of teleportation
 g - 27 scrolls of identify
 i - 2 scrolls of blinking
 q - 11 scrolls of fog
 s - 9 scrolls of enchant armour
 t - 2 scrolls of torment
 B - a scroll of fear
 I - 2 scrolls of brand weapon
 K - 5 scrolls of vulnerability
 L - 3 scrolls of revelation
 U - 7 scrolls of immolation
 X - 4 scrolls of butterflies
Potions
 a - 4 potions of cancellation
 h - 7 potions of brilliance
 m - 5 potions of mutation
 n - 3 potions of invisibility
 p - a potion of resistance
 u - 4 potions of ambrosia
 C - 11 potions of curing
 D - 8 potions of haste
 F - 10 potions of enlightenment
 M - 3 potions of magic
 N - 3 potions of attraction
 O - 11 potions of lignification
 W - 2 potions of might
Miscellaneous
 Q - a phantom mirror (inert)
 S - a phial of floods
 T - a box of beasts
 V - a lightning rod (4/4) (quivered)


   Skills:
 O Level 27 Fighting
 O Level 27 Axes
 O Level 27 Armour
 + Level 21.7 Dodging
 - Level 3.6 Shields
 + Level 21.4 Evocations


You had 24 spell levels left.
You didn't know any spells.
Your spell library contained the following spells:

 Spells                   Type           Power      Damage    Failure   Level
 Foxfire                  Conj/Fire      0%         2x1d4     93%         1
 Freeze                   Ice            0%         1d3       93%         1
 Magic Dart               Conj           0%         1d3       93%         1
 Sandblast                Erth           0%         2d4       93%         1
 Shock                    Conj/Air       0%         1d3       93%         1
 Slow                     Hex            0%         N/A       93%         1
 Sting                    Conj/Alch      0%         1d3       93%         1
 Blink                    Tloc           0%         N/A       98%         2
 Call Imp                 Summ           0%         N/A       98%         2
 Cigotuvi's Dreadful Rot  Necr/Alch/Air  0%         N/A       98%         2
 Ensorcelled Hibernation  Hex/Ice        0%         N/A       98%         2
 Lesser Beckoning         Tloc           0%         N/A       98%         2
 Mercury Vapours          Alch/Air       0%         N/A       98%         2
 Momentum Strike          Conj/Tloc      0%         3d8       98%         2
 Searing Ray              Conj           0%         2d4       98%         2
 Sublimation of Blood     Necr           0%         N/A       98%         2
 Confusing Touch          Hex            0%         N/A       100%        3
 Frozen Ramparts          Ice            0%         1d1       100%        3
 Gell's Gravitas          Tloc           0%         N/A       100%        3
 Hailstorm                Conj/Ice       0%         3d5       100%        3
 Mephitic Cloud           Conj/Alch/Air  0%         N/A       100%        3
 Ozocubu's Armour         Ice            0%         N/A       100%        3
 Passwall                 Erth           0%         N/A       100%        3
 Sigil of Binding         Hex            0%         N/A       100%        3
 Stone Arrow              Conj/Erth      0%         3d7       100%        3
 Summon Ice Beast         Ice/Summ       0%         N/A       100%        3
 Swiftness                Air            0%         N/A       100%        3
 Tukima's Dance           Hex            0%         N/A       100%        3
 Vampiric Draining        Necr           0%         2d6       100%        3
 Volatile Blastmotes      Fire/Tloc      0%         2d10      100%        3
 Airstrike                Air            0%         2d(0-16)  100%        4
 Anguish                  Hex/Necr       0%         N/A       100%        4
 Animate Armour           Summ/Erth      0%         N/A       100%        4
 Brom's Barrelling Bould  Conj/Erth      0%         2d3       100%        4
 Cause Fear               Hex            0%         N/A       100%        4
 Dimensional Bullseye     Hex/Tloc       0%         N/A       100%        4
 Dispel Undead            Necr           0%         3d6       100%        4
 Fulminant Prism          Conj/Alch      0%         3d5       100%        4
 Ignite Poison            Fire/Alch      0%         N/A       100%        4
 Iskenderun's Mystic Bla  Conj/Tloc      0%         2d3       100%        4
 Leda's Liquefaction      Alch/Erth      0%         N/A       100%        4
 Martyr's Knell           Necr/Summ      0%         N/A       100%        4
 Olgreb's Toxic Radiance  Alch           0%         N/A       100%        4
 Passage of Golubria      Tloc           0%         N/A       100%        4
 Petrify                  Alch/Erth      0%         N/A       100%        4
 Summon Blazeheart Golem  Fire/Summ      0%         N/A       100%        4
 Summon Lightning Spire   Summ/Air       0%         N/A       100%        4
 Fireball                 Conj/Fire      0%         3d3       100%        5
 Freezing Cloud           Conj/Ice/Air   0%         6-21      100%        5
 Iskenderun's Battlesphe  Conj           0%         2d6       100%        5
 Lee's Rapid Deconstruct  Erth           0%         3d4*      100%        5
 Metabolic Englaciation   Hex/Ice        0%         N/A       100%        5
 Silence                  Hex/Air        0%         N/A       100%        5
 Yara's Violent Unravell  Hex/Alch       0%         3d3       100%        5
 Bombard                  Conj/Erth      0%         9d1       100%        6
 Death Channel            Necr           0%         N/A       100%        6
 Dispersal                Tloc           0%         N/A       100%        6
 Plasma Beam              Fire/Air       0%         2x1d10    100%        6
 Sculpt Simulacrum        Ice/Alch       0%         N/A       100%        6
 Starburst                Conj/Fire      0%         6d3       100%        6
 Enfeeble                 Hex            0%         N/A       100%        7
 Orb of Destruction       Conj           0%         9d5       100%        7
 Ozocubu's Refrigeration  Ice            0%         4d7       100%        7
 Spellforged Servitor     Conj/Summ      0%         N/A       100%        7
 Summon Hydra             Summ           0%         N/A       100%        7
 Discord                  Hex            0%         N/A       100%        8
 Lehudib's Crystal Spear  Conj/Erth      0%         10d2      100%        8
 Dragon's Call            Summ           0%         N/A       100%        9
 Shatter                  Erth           0%         3d5*      100%        9


Dungeon Overview and Level Annotations

Branches:
Dungeon (15/15)            Temple (0/1) D:5            Lair (5/5) D:11
 Shoals (4/4) Lair:3        Snake (4/4) Lair:3        Slime (1/5) Lair:4
    Orc (2/2) D:9             Elf (3/3) Orc:2        Vaults (5/5) D:14
  Crypt (0/3) Vaults:2     Depths (4/4) D:15            Zot (5/5) Depths:4
  IceCv (visited)         Gauntlet (visited)

Altars:
Cheibriados
Elyvilon
Fedhas
Gozag
Hepliaklqana
Okawaru
Sif Muna
Uskayaw
Vehumet
Yredelemnul
Zin
The Shining One
Jiyva

Shops:
D:6 ?:(((   D:8 [   D:11 =   Orc:2 ![?:==   Elf:3 [   Lair:3 [   Shoals:1 *
Shoals:3 [*   Snake:1 :=:   Vaults:3 ?   Vaults:5 :??   Depths:1 [:!?[

Portals:
Hell: Depths:1 Depths:2 Depths:3 Depths:4
Abyss: Depths:1 Depths:3 Depths:4
Pandemonium: Depths:2 Depths:3
Ziggurat: Depths:1
Trove: D:13 (give +3 shadow dragon scales)

Annotations:
D:12 1 runed translucent door, falawelle's ghost, journeyman MiBe
Vaults:2 2 transporters, heteroy's ghost, veteran GrEE
Vaults:4 1 transporter
Zot:4 3 runed translucent doors, wilo's ghost, master MfBe
Zot:5 1 exclusion


Innate Abilities, Weirdness & Mutations

You have a pair of horns on your head.
You reflexively headbutt those who attack you in melee.


Message History

No target in view!
Items here: ( )))) [.
There is a stone staircase leading up here.
You fly upwards.
There is a stone staircase leading down here.
Okay, then.
What level of the Dungeon? (default 1, ? - help)
There is a stone staircase leading up here.
You fly upwards.
There is a stone staircase leading down here.
There is an open door here.
There is a stone staircase leading up here.
You fly upwards.
There is a stone staircase leading down here.
There is a stone staircase leading up here.
HP restored.
You fly upwards.
There is a stone staircase leading down here.
A hell beast comes into view.
The hell beast squeals angrily.
You block the hell beast's attack. The hell beast closely misses you.
You slice the hell beast!!
The hell beast is moderately wounded.
The hell beast bites you but does no damage.
The hell beast completely misses you.
You slice the hell beast!!
The hell beast is almost dead.
The hell beast bites you but does no damage.
The hell beast misses you.
You slice the hell beast!!
You kill the hell beast!
No target in view!
What level of the Dungeon? (default 1, ? - help)
You now have 300 gold pieces (gained 18).
There is a stone staircase leading down here.
There is a stone staircase leading up here.
You fly upwards.
There is a stone staircase leading down here.
There is a staircase leading out of the dungeon here.
You have escaped!

#.####......# #..........##
#.#########.###.########.##
#...............)..### #...
#..#............##...####..
##..##.##.....#..####..#...#
##...##.##8###8##.........###
#....##........#...#......###
##.##†##..#.....#...#.###...#.
##..##.##..#..@..#...#.#
#...#.
#..###.##..#.....#.....#
###... ###.##
#.##..#..........## ##.. #...#
#..#.##8###8##..## #####..
..###
##....#....)#..^####......
..#####
#.#..................##..
..†...#
#.#####..#######..##.....
.)....# #.#
##.#####....###.###. ......#
#.####........###......#.


There were no monsters in sight!

Vanquished Creatures
  A dread lich (Zot:5)
  An ancient lich (Zot:5)
  4 orbs of fire
  Mara (Shoals:4)
  2 juggernauts
  Boris (Vaults:5)
  2 Killer Klowns
  Saint Roka (Vaults:1)
  A curse toe (Zot:4)
  A caustic shrike (Depths:2)
  Jory (Vaults:4)
  3 golden dragons
  Norris (Vaults:1)
  2 doom hounds (Zot:1)
  9 tentacled monstrosities
  A walking earthen tome (Depths:2)
  Jorgrun (D:13)
  7 titans
  A walking crystal tome (Depths:2)
  Grunn (Zot:1)
  2 deep elf blademasters
  2 walking divine tomes
  23 Orb Guardians
  9 quicksilver dragons
  2 deep elf master archers (Elf:3)
  6 sphinxes
  6 death cobs
  An acid blob (Slime:1)
  Gastronok (Orc:1)
  2 krakens
  A tentacled starspawn (Abyss:2)
  4 tengu reavers
  11 storm dragons
  7 shadow dragons
  Agnes (D:15)
  A fenstrider witch (Shoals:1)
  A rockslime (Slime:1)
  5 nagarajas
  2 draconian knights
  2 azure jellies (Slime:1)
  10 fire giants
  7 draconian shifters
  16 frost giants
  7 draconian scorchers
  5 draconian monks (Zot:1)
  6 deep elf sorcerers
  3 protean progenitors
  5 iron dragons
  9 vault wardens
  3 deep elf elementalists
  A draconian stormcaller (Zot:3)
  3 ghost moths
  2 spriggan defenders
  2 orc warlords (Orc:2)
  A ghoul (Vaults:2)
  Louise (Elf:3)
  4 formless jellyfish
  15 ironbound preservers
  2 angels (Vaults:3)
  17 very ugly things
  6 ironbound thunderhulks
  2 quicksilver oozes (Slime:1)
  17 stone giants
  7 draconian annihilators
  2 deep elf demonologists (Elf:3)
  2 war gargoyles
  12 green draconians
  9 deep elf death magi
  8 yellow draconians
  2 vampire knights
  12 deep elf annihilators
  5 black draconians
  11 dire elephants
  7 spark wasps
  10 red draconians
  7 purple draconians
  7 white draconians
  Snorg (D:13)
  A minotaur (Gauntlet)
  11 merfolk impalers
  7 fire dragons
  A fire dragon (shapeshifter) (Depths:2)
  A crystal guardian (Vaults:3)
  A jiangshi (Vaults:2)
  5 merfolk javelineers
  12 ettins
  3 salamander tyrants
  6 deep elf high priests
  13 yaktaur captains
  3 rakshasas
  2 peacekeepers
  4 great orbs of eyes
  4 ice dragons
  28 vault guards
  7 hydras
  2 jorogumos (Zot:3)
  The ghost of Torious the Destroyer, a journeyman DECj of Sif Muna (Lair:1)
  6 ogre magi
  3 spriggan air magi
  2 hell beasts
  8 centaur warriors
  2 satyrs (Shoals:3)
  3 ironbound frosthearts
  31 dancing weapons
  3 boulder beetles
  6 merfolk avatars
  13 anacondas
  3 alligator snapping turtles (Shoals:4)
  19 two-headed ogres
  A sphinx skeleton (D:15)
  4 merfolk aquamancers
  16 naga warriors
  4 deep troll shamans
  4 tengu warriors
  14 death yaks
  3 vampire magi
  4 deep troll earth magi
  4 orc high priests
  2 occultists
  Sonja (D:13)
  16 shock serpents
  17 deep elf knights
  6 spriggan berserkers
  7 hell knights
  11 skeletal warriors
  13 sun demons
  3 iron trolls
  A shadow wraith (Vaults:5)
  9 skysharks
  A spatial maelstrom (Abyss:3)
  18 naga sharpshooters
  A sea snake (shapeshifter) (Vaults:5)
  A sixfirhy (D:15)
  9 sea snakes
  34 deep trolls
  A spectral anaconda (Lair:5)
  A spark wasp zombie (D:15)
  3 spectral death yaks (Lair:5)
  5 arcanists
  12 deep elf archers
  11 mana vipers
  A storm dragon skeleton (D:15)
  A deep troll (shapeshifter) (Depths:4)
  2 flayed ghosts
  7 naga ritualists
  11 harpies
  2 glowing orange brains
  A mana viper (shapeshifter) (Vaults:5)
  A lindwurm (shapeshifter) (Depths:1)
  2 obsidian statues
  A kraken simulacrum (Shoals:4)
  20 ironbound convokers
  26 deep elf zephyrmancers
  19 ugly things
  3 phantasmal warriors
  35 deep elf pyromancers
  8 necromancers
  6 orc sorcerers
  10 lindwurms
  12 orc knights
  12 manticores
  A will-o-the-wisp (Abyss:3)
  16 salamanders
  18 fauns
  6 cyclopes
  A worldbinder (Abyss:3)
  A shining eye (Slime:1)
  13 elephants
  17 vault sentinels
  7 meliai (Depths:2)
  17 moths of wrath
  46 black mambas
  12 merfolk sirens
  4 eyes of devastation
  6 water nymphs
  3 gargoyles
  6 guardian serpents
  2 ice statues
  2 smoke demons (Depths:3)
  A dire elephant skeleton (Abyss:1)
  An eye of devastation (shapeshifter) (Vaults:5)
  23 naga magi
  4 torpor snails
  2 orange demons
  A cane toad (shapeshifter) (D:15)
  4 large abominations
  A hellion (Zot:5)
  11 cane toads
  7 rime drakes
  4 tengu conjurers
  11 komodo dragons
  3 freezing wraiths
  27 yaktaurs
  An unseen horror (D:11)
  A tormentor (Depths:3)
  3 unseen horror skeletons (D:9)
  8 trolls
  A burning bush (Lair:2)
  18 merfolk
  3 raiju
  8 blink frogs
  4 wind drakes
  A tarantella (shapeshifter) (Vaults:5)
  A glass eye (Depths:2)
  12 polar bears
  12 snapping turtles
  19 dream sheep
  6 air elementals
  24 water elementals
  36 slime creatures
  A spriggan (shapeshifter) (Vaults:5)
  A vampire (D:11)
  A ynoxinul (Abyss:1)
  4 small abominations
  6 wraiths
  A wyvern (D:7)
  65 yaks
  A fire elemental (Elf:1)
  2 steam dragons (Gauntlet)
  A basilisk (Lair:1)
  5 golden eyes
  4 wargs (Orc:2)
  2 death yak simulacra (Lair:5)
  20 humans
  2 vampire mosquitoes (D:12)
  3 spectral cane toads (Lair:5)
  A redback (shapeshifter) (Depths:4)
  2 chaos spawn (Abyss:1)
  53 nagas
  17 water moccasins
  An acid dragon (D:11)
  2 hell hounds (Depths:1)
  Duvessa (D:6)
  51 orc warriors
  A laughing skull (Abyss:2)
  A sky beast (D:7)
  An elephant zombie (Lair:5)
  2 ice beasts
  2 black bears
  11 centaurs
  34 ogres
  26 wolves
  A crocodile (shapeshifter) (Depths:2)
  A phantom (D:5)
  3 weeping skulls
  3 kobold brigands
  14 bullfrogs
  A gnoll sergeant (D:6)
  3 earth elementals
  2 cane toad simulacra (Lair:5)
  3 wights (D:6)
  Dowan (D:6)
  5 killer bees (D:7)
  2 elephant simulacra (Lair:5)
  4 electric eels
  A lava snake (D:8)
  2 howler monkeys
  A bullfrog zombie (D:5)
  A centaur zombie (D:9)
  3 hounds (D:5)
  2 jellies (D:5)
  3 bombardier beetles
  A gnoll bouda (D:8)
  13 orc priests
  24 orc wizards
  4 iguanas
  A spectral killer bee (D:9)
  2 polar bear simulacra (D:11)
  5 yak simulacra (D:11)
  6 adders
  11 gnolls
  A river rat (D:11)
  A shadow imp (D:8)
  2 white imps
  7 ufetubi
  An adder zombie (D:5)
  4 dart slugs
  79 orcs
  9 endoplasms
  A giant cockroach (D:1)
  9 goblins
  7 hobgoblins
  5 jackals
  12 kobolds
  6 quokkas
  10 ball pythons
  5 bats
  3 frilled lizards
  9 rats
  4 river rat simulacra (D:11)
  2 aspiring fleshes (Zot:2)
  3 starspawn tentacles
  4 tentacles (Shoals:1)
2073 creatures vanquished.

Vanquished Creatures (collateral kills)
  2 dread liches (Zot:5)
  2 ancient liches (Zot:5)
  2 electric golems (Zot:5)
  A tentacled monstrosity (Zot:5)
  An Orb Guardian (Zot:5)
  A quicksilver dragon (Zot:5)
  A storm dragon (Zot:5)
  A shadow dragon (Zot:5)
  A draconian knight (Zot:5)
  A draconian monk (Zot:4)
  2 protean progenitors (Zot:4)
  2 draconian scorchers
  A yellow draconian (Zot:5)
  A red draconian (Zot:5)
  A catoblepas (D:14)
  An obsidian statue (Zot:5)
  A harpy (Shoals:4)
  4 moths of wrath (Zot:5)
26 creatures vanquished.

Vanquished Creatures (others)
  A dread lich (Zot:5)
  An orb of fire (Zot:5)
  A Killer Klown (Zot:5)
  3 tentacled monstrosities (Zot:4)
  3 Orb Guardians (Zot:5)
  A quicksilver dragon (Zot:3)
  A death cob (Zot:5)
  A draconian monk (Zot:3)
  A draconian shifter (Zot:5)
  A draconian scorcher (Zot:3)
  A draconian annihilator (Zot:4)
  A very ugly thing (Depths:3)
  2 black draconians
  2 purple draconians
  A green draconian (Zot:3)
  3 yellow draconians
  A white draconian (Zot:3)
  A harpy (Shoals:4)
  A moth of wrath (Zot:4)
  A black mamba (Snake:4)
  A glass eye (Depths:3)
  An orc (D:9)
  3 foxfires (Abyss:3)
  63 spectral weapons
  9 starspawn tentacles
  10 tentacles
115 creatures vanquished.

Grand Total: 2214 creatures vanquished

Notes
Turn   | Place    | Note
-------+----------+-------------------------------------------
     0 | D:1      | TobyConnect the Minotaur Fighter began the quest for the
                  | Orb.
     0 | D:1      | Reached XP level 1. HP: 19/19 MP: 0/0
   148 | D:1      | Reached XP level 2. HP: 27/27 MP: 1/1
   546 | D:1      | Reached XP level 3. HP: 33/33 MP: 2/2
   836 | D:2      | Found an opulent altar of Gozag.
   859 | D:2      | Became a worshipper of Gozag Ym Sagoz the Greedy
  1373 | D:3      | Found a glowing golden altar of the Shining One.
  1423 | D:3      | Reached XP level 4. HP: 41/41 MP: 3/3
  1524 | D:3      | Found a snail-covered altar of Cheibriados.
  2104 | D:4      | Noticed a kobold brigand
  2112 | D:4      | Killed a kobold brigand
  2113 | D:4      | Reached skill level 5 in Fighting
  2113 | D:4      | Reached XP level 5. HP: 41/48 MP: 4/4
  2834 | D:4      | Reached skill level 5 in Axes
  3044 | D:4      | Reached XP level 6. HP: 57/57 MP: 5/5
  3169 | D:5      | Entered Level 5 of the Dungeon
  3195 | D:5      | Reached skill level 5 in Armour
  3301 | D:5      | Noticed an ice beast
  3314 | D:5      | Killed an ice beast
  3351 | D:5      | Reached XP level 7. HP: 64/64 MP: 6/6
  3439 | D:5      | Found a staircase to the Ecumenical Temple.
  3561 | D:5      | Found a glowing silver altar of Zin.
  3659 | D:5      | Found a basalt altar of Yredelemnul.
  4001 | D:6      | Reached XP level 8. HP: 69/74 MP: 7/7
  4020 | D:6      | Found Dousemax's Weapon Shop.
  4200 | D:6      | Noticed Duvessa
  4200 | D:6      | Noticed Dowan
  4223 | D:6      | Killed Duvessa
  4233 | D:6      | Killed Dowan
  4263 | D:6      | Found Aruw's Magic Scroll Shop.
  4286 | D:6      | Bought a scroll of identify for 26 gold pieces
  4286 | D:6      | Bought a scroll of identify for 26 gold pieces
  4286 | D:6      | Bought a scroll of blinking for 97 gold pieces
  4286 | D:6      | Bought a scroll of fear for 52 gold pieces
  4286 | D:6      | Identified a scroll of acquirement
  4290 | D:6      | Acquired the +6 war axe of the Eternal Warrior {flame,
                  | rElec Int+5}
  4372 | D:6      | Found Wuosaemm's Weapon Boutique.
  4379 | D:6      | Bought a +1 broad axe of freezing for 156 gold pieces
  4573 | D:6      | Found Uzidum's Book Shoppe.
  4644 | D:6      | Found Pomuclig's Weapon Boutique.
  4840 | D:7      | Reached XP level 9. HP: 85/85 MP: 8/8
  4842 | D:7      | Identified the +1 rapier of Darkness {drain, Int+3}
  4962 | D:7      | Reached skill level 10 in Fighting
  4995 | D:7      | Found a radiant altar of Vehumet.
  5092 | D:7      | Reached skill level 10 in Axes
  5346 | D:7      | Found a shimmering blue altar of Sif Muna.
  5356 | D:7      | Found a hide-covered altar of Uskayaw.
  5376 | D:8      | Noticed a two-headed ogre
  5383 | D:8      | Killed a two-headed ogre
  5501 | D:8      | Found a blossoming altar of Fedhas.
  5593 | D:8      | Noticed a cyclops
  5602 | D:8      | Killed a cyclops
  5714 | D:8      | Reached XP level 10. HP: 57/96 MP: 9/9
  6697 | D:9      | Found a staircase to the Orcish Mines.
  6868 | D:10     | Entered Level 10 of the Dungeon
  6930 | D:10     | Noticed a two-headed ogre
  6938 | D:10     | Killed a two-headed ogre
  6981 | D:10     | Found a hazy altar of Hepliaklqana.
  7156 | D:10     | Reached XP level 11. HP: 88/107 MP: 10/10
  7231 | D:10     | Identified the +5 falchion of Massacring {drain, rCorr
                  | SInv}
  7271 | D:10     | Reached skill level 10 in Armour
  7316 | D:10     | Noticed a two-headed ogre
  7322 | D:10     | Killed a two-headed ogre
  7751 | D:8      | Bought a +1 cloak of willpower for 231 gold pieces
  7795 | D:11     | Found a gate leading to a gauntlet.
  7802 | Gauntlet | Entered a Gauntlet
  7802 | Gauntlet | Noticed a tengu warrior
  7802 | Gauntlet | Found a transporter.
  7802 | Gauntlet | Found a transporter.
  7821 | Gauntlet | Found a transporter.
  7825 | Gauntlet | Found a transporter.
  7839 | Gauntlet | Found a transporter.
  7839 | Gauntlet | Found a transporter.
  7852 | Gauntlet | Noticed an obsidian statue
  7857 | Gauntlet | Found a transporter.
  7874 | Gauntlet | Found a transporter.
  7875 | Gauntlet | Noticed a catoblepas
  7892 | Gauntlet | Found a transporter.
  7896 | Gauntlet | Found a transporter.
  7906 | Gauntlet | Found a transporter.
  7910 | Gauntlet | Found a transporter.
  8018 | Gauntlet | Identified the +0 hat "Epoessu" {Will++}
  8080 | Gauntlet | Killed an obsidian statue
  8099 | Gauntlet | Noticed a minotaur
  8109 | Gauntlet | Killed a minotaur
  8155 | Gauntlet | Got the Elucidation of the Torrid Adder
  8228 | D:11     | Noticed an arcanist
  8240 | D:11     | Killed an arcanist
  8253 | D:11     | Reached skill level 1 in Evocations
  8301 | D:11     | Noticed a boulder beetle
  8320 | D:11     | Killed a boulder beetle
  8328 | D:11     | Noticed an orc knight
  8371 | D:11     | Killed an orc knight
  8443 | D:11     | Found a staircase to the Lair.
  8815 | D:11     | Noticed a necromancer
  8825 | D:11     | Killed a necromancer
  8826 | D:11     | Reached XP level 12. HP: 118/118 MP: 11/11
  9224 | D:12     | Found a runed translucent door.
  9260 | D:12     | Reached skill level 15 in Fighting
  9447 | D:12     | Reached skill level 15 in Axes
  9495 | D:12     | Noticed falawelle's ghost (journeyman MiBe)
  9640 | D:12     | Found a shimmering blue altar of Sif Muna.
  9709 | D:12     | Noticed a two-headed ogre
  9715 | D:12     | Killed a two-headed ogre
 10137 | D:13     | Noticed a centaur warrior
 10146 | D:13     | Killed a centaur warrior
 10199 | D:13     | Noticed a boulder beetle
 10201 | D:13     | Reached skill level 5 in Evocations
 10217 | D:13     | Killed a boulder beetle
 10330 | D:13     | Noticed Snorg
 10344 | D:13     | HP: 4/122 [Snorg (11)]
 10345 | D:13     | Killed Snorg
 10588 | D:13     | Noticed Jorgrun
 10600 | D:13     | Killed Jorgrun
 10879 | D:13     | Noticed a centaur warrior
 10889 | D:13     | Killed a centaur warrior
 10898 | D:13     | Noticed Sonja
 10903 | D:13     | Noticed a two-headed ogre
 11159 | D:13     | Killed a two-headed ogre
 11160 | D:13     | Reached XP level 13. HP: 96/128 MP: 12/12
 11456 | D:13     | Found a portal to a secret trove of treasure.
 11588 | D:13     | You fall into a shaft and drop 2 floors!
 11588 | D:15     | Entered Level 15 of the Dungeon
 11598 | D:15     | Found an iron altar of Okawaru.
 11668 | D:14     | Found a gate to the Vaults.
 12264 | Abyss:1  | Cast into level 1 of the Abyss (Sonja)
 12332 | Abyss:1  | Noticed a tentacled starspawn
 12393 | Abyss:1  | Noticed an angel
 12408 | Abyss:1  | Noticed a lorocyproca
 12418 | Abyss:2  | Found a corrupted altar of Lugonu.
 12446 | Abyss:2  | Found a corrupted altar of Lugonu.
 12455 | Abyss:2  | Noticed a dread lich
 12473 | Abyss:2  | Noticed an Executioner
 12476 | Abyss:2  | Noticed a dread lich
 12636 | Abyss:2  | Found a corrupted altar of Lugonu.
 12785 | Abyss:2  | Noticed a tentacled starspawn
 12791 | Abyss:2  | Killed a tentacled starspawn
 12815 | Abyss:2  | Noticed a purple draconian shifter
 12843 | Abyss:3  | Found a corrupted altar of Lugonu.
 12874 | Abyss:3  | Noticed an ancient lich
 12920 | Abyss:3  | Found a corrupted altar of Lugonu.
 13068 | Abyss:3  | Found a corrupted altar of Lugonu.
 13087 | Abyss:3  | Found a corrupted altar of Lugonu.
 13108 | Abyss:3  | Found a corrupted altar of Lugonu.
 13108 | Abyss:3  | Noticed a tentacled starspawn
 13111 | Abyss:3  | Noticed a tentacled starspawn
 13142 | Abyss:3  | Found a corrupted altar of Lugonu.
 13170 | D:13     | Escaped the Abyss
 13306 | D:11     | Bought the ring "Vossaekk" {Fire rElec rN+ Str-4 Int+3} for
                  | 739 gold pieces
 13306 | D:11     | Bought a ring of flight for 315 gold pieces
 13421 | D:13     | Killed Sonja
 13509 | D:13     | Reached XP level 14. HP: 72/112 MP: 1/13
 13523 | D:13     | HP: 3/140 [skeletal warrior/+1 antimagic halberd (19)]
 14548 | Orc:1    | Entered Level 1 of the Orcish Mines
 14552 | Orc:1    | Noticed Gastronok
 14576 | Orc:1    | Killed Gastronok
 14841 | Orc:2    | Entered Level 2 of the Orcish Mines
 14878 | Orc:2    | Found Ywizy's Armour Boutique.
 14886 | Orc:2    | Found Ryvvij's Book Emporium.
 14886 | Orc:2    | Found Lippedicra's Jewellery Shop.
 14886 | Orc:2    | Found Luat's Magic Scroll Emporium.
 15011 | Orc:2    | Found a staircase to the Elven Halls.
 15128 | Orc:2    | Found a frozen archway.
 15139 | IceCv    | Entered an ice cave
 15429 | IceCv    | Noticed a frost giant
 15441 | IceCv    | Killed a frost giant
 15514 | IceCv    | Got the Information on Hexing
 15620 | IceCv    | Reached skill level 10 in Evocations
 15672 | IceCv    | Reached XP level 15. HP: 150/150 MP: 14/14
 16183 | Orc:2    | Bought the amulet "Tehul" {Reflect Fly rN+++ Dex-3 SH+5
                  | Stlth-} for 786 gold pieces
 16486 | Orc:2    | Found the +8 Vampire's Tooth {megavamp}
 16759 | Orc:2    | Bought 2 potions of mutation for 288 gold pieces
 16759 | Orc:2    | Bought a potion of cancellation for 144 gold pieces
 16864 | Lair:1   | Entered Level 1 of the Lair of Beasts
 17104 | Lair:1   | Noticed Torious's ghost (journeyman DECj)
 17173 | Lair:1   | Found a transporter.
 17239 | Lair:1   | Found a transporter.
 18769 | Lair:3   | Reached skill level 15 in Armour
 18837 | Lair:3   | Found a staircase to the Shoals.
 19471 | Lair:3   | Found a staircase to the Snake Pit.
 20108 | Lair:4   | Found a staircase to the Slime Pits.
 21119 | Lair:5   | Entered Level 5 of the Lair of Beasts
 21370 | Lair:5   | Reached XP level 16. HP: 92/162 MP: 15/15
 21745 | Lair:5   | Identified the +1 leather armour of the Ego {Int+2}
 22060 | Lair:5   | Reached skill level 1 in Dodging
 22971 | Lair:3   | Bought a smoking cloak for 256 gold pieces
 22971 | Lair:3   | Identified the +1 cloak of Iteurock {MP+9} (You bought it
                  | in a shop on level 3 of the Lair of Beasts)
 22971 | Lair:3   | Bought the +3 crown of Dyrovepreva {rElec Int+2 SInv} for
                  | 1117 gold pieces
 22971 | Lair:3   | Found the +3 crown of Dyrovepreva {rElec Int+2 SInv}
 23044 | Snake:1  | Entered Level 1 of the Snake Pit
 23068 | Snake:1  | Identified the +1 ring mail "Utiwnom" {Str+3}
 24076 | Snake:1  | Found Roiginaa's Book Shop.
 24077 | Snake:1  | Found Lenel's Jewellery Emporium.
 24078 | Snake:1  | Found Ruhyunt's Book Shop.
 26857 | Snake:1  | Bought a manual of Fighting for 1120 gold pieces
 26917 | Snake:3  | Reached XP level 17. HP: 176/176 MP: 16/16
 27848 | Snake:3  | Reached skill level 5 in Dodging
 28469 | Snake:4  | Entered Level 4 of the Snake Pit
 29592 | Snake:3  | HP: 5/178 [naga/+0 halberd (18)]
 31113 | Snake:4  | Noticed a quicksilver dragon
 31117 | Snake:4  | Killed a quicksilver dragon
 31245 | Snake:4  | Reached XP level 18. HP: 148/189 MP: 17/17
 31866 | Snake:4  | Got a serpentine rune of Zot
 32082 | D:11     | Bought the ring of Qelemestek {rF+ Will+ rCorr Str+3} for
                  | 916 gold pieces
 32158 | Shoals:1 | Entered Level 1 of the Shoals
 32838 | Shoals:1 | Found Gisirch's Assorted Antiques.
 32849 | Shoals:1 | Bought a slimy broad axe for 315 gold pieces
 32849 | Shoals:1 | Identified the +6 broad axe of the Heavens {venom, rC+
                  | rCorr} (You bought it in a shop on level 1 of the Shoals)
 34426 | Lair:1   | Killed Torious's ghost
 34910 | Shoals:3 | Found Vethieb's Overcharged Wands.
 36353 | Shoals:4 | Entered Level 4 of the Shoals
 36657 | Shoals:4 | Noticed Mara
 36664 | Shoals:4 | Killed Mara
 37195 | Shoals:4 | Reached XP level 19. HP: 121/202 MP: 18/18
 37205 | Shoals:4 | Got a barnacled rune of Zot
 38076 | D:15     | Found a staircase to the Depths.
 38240 | D:15     | Noticed Agnes
 38250 | D:15     | Killed Agnes
 38785 | Shoals:3 | Bought the +4 crystal plate armour of Huxt {Rampage Will++
                  | Dex+3 Stlth-} for 1292 gold pieces
 38968 | Vaults:1 | Entered Level 1 of the Vaults
 39037 | Vaults:1 | Noticed Norris
 39044 | Vaults:1 | Killed Norris
 39285 | Vaults:1 | Noticed Saint Roka
 39297 | Vaults:1 | Killed Saint Roka
 40219 | Vaults:1 | Identified the +1 robe "Pogg" {^Drain rPois rN+ Will+}
 40445 | Vaults:1 | Got Plog's Grimoire of Shifting
 41040 | Vaults:2 | Found a staircase to the Crypt.
 41702 | Vaults:2 | Found a transporter.
 41702 | Vaults:2 | Noticed heteroy's ghost (veteran GrEE)
 41708 | Vaults:2 | Found a transporter.
 41848 | Vaults:3 | Reached XP level 20. HP: 186/215 MP: 19/19
 41983 | Vaults:3 | Reached skill level 27 in Fighting
 42578 | Vaults:3 | Reached skill level 10 in Dodging
 42649 | Vaults:3 | Identified the +6 halberd "Kiudosh" {spect, rPois rC+
                  | Int-2}
 42768 | Vaults:3 | Found Teossi's Magic Scroll Shoppe.
 42848 | Vaults:3 | Bought a scroll of blinking for 172 gold pieces
 42848 | Vaults:3 | Bought a scroll of teleportation for 69 gold pieces
 42848 | Vaults:3 | Bought a scroll of teleportation for 69 gold pieces
 42935 | Vaults:3 | Found a glowing silver altar of Zin.
 42935 | Vaults:3 | Found a glowing golden altar of the Shining One.
 42952 | Vaults:3 | Found a white marble altar of Elyvilon.
 44129 | Vaults:4 | Noticed Jory
 44139 | Vaults:4 | Killed Jory
 44847 | Vaults:4 | Found a transporter.
 44848 | Vaults:4 | Found a radiant altar of Vehumet.
 45152 | Vaults:5 | Entered Level 5 of the Vaults
 45600 | Vaults:5 | Identified the ring of Erchoil {rF- rC+ rN+ Dex+6}
 45625 | Vaults:5 | Noticed Boris
 45636 | Vaults:5 | Killed Boris
 45637 | Vaults:5 | Reached XP level 21. HP: 134/224 MP: 20/20
 46278 | Vaults:5 | Identified the ring of Gisuvve {+Blink rF- rC++ rCorr
                  | Slay+4}
 46384 | Vaults:5 | Found Bytub's Magic Scroll Emporium.
 46394 | Vaults:5 | Identified the +1 battleaxe of Causality {heavy, Dex+3}
 46396 | Vaults:5 | Bought a scroll of teleportation for 33 gold pieces
 46396 | Vaults:5 | Bought 2 scrolls of teleportation for 66 gold pieces
 46618 | Vaults:5 | Reached skill level 15 in Evocations
 47002 | Vaults:5 | Found Wiwe Lah's Book Boutique.
 47012 | Vaults:5 | Got a silver rune of Zot
 47265 | Vaults:5 | Identified the staff of Responsibility {rPois rF- Str-2
                  | Stlth+ Necro Alchemy}
 47689 | Vaults:5 | Got the Folio of the Gift and Production
 48137 | Vaults:5 | Bought a scroll of enchant weapon for 105 gold pieces
 48313 | Depths:1 | Entered Level 1 of the Depths
 48316 | Depths:1 | Found Peroarph's Book Shop.
 48356 | Depths:1 | Found a one-way gateway to a ziggurat.
 48620 | Orc:2    | Bought the ring "Qetyzix" {rPois rCorr} for 436 gold pieces
 48793 | Depths:1 | Found a gateway to Hell.
 49366 | Depths:1 | Found Tekhlox's Antique Armour Shop.
 49386 | Depths:1 | Bought a glowing cloak for 210 gold pieces
 49430 | Depths:1 | Found Hish's Distillery.
 49438 | Depths:1 | Bought a potion of heal wounds for 75 gold pieces
 49438 | Depths:1 | Bought a potion of curing for 45 gold pieces
 49442 | Depths:1 | Found Qurem's Magic Scroll Shoppe.
 49460 | Depths:1 | Bought a scroll of acquirement for 988 gold pieces
 49460 | Depths:1 | Acquired the +0 pair of boots of Cheibriados, Building
                  | {Harm ^Drain rF+++ Dex-2}
 49732 | Depths:1 | Found a one-way gate to the infinite horrors of the Abyss.
 49773 | Depths:1 | Found Nuduppew's Antique Armour Shoppe.
 50084 | Depths:2 | Noticed a caustic shrike
 50094 | Depths:2 | Killed a caustic shrike
 50596 | Depths:2 | Reached XP level 22. HP: 233/233 MP: 21/21
 50908 | Depths:2 | Noticed a juggernaut
 51768 | Depths:2 | Identified the +9 plate armour "Lac Wai" {rF+ rN+ rCorr}
 51821 | Depths:2 | Found a one-way gate leading to the halls of Pandemonium.
 52144 | Depths:2 | Noticed a golden dragon
 52150 | Depths:2 | Killed a golden dragon
 52311 | Depths:2 | Identified the +6 arbalest "Ogiliass" {speed, ^Contam Str+6
                  | Dex+2}
 52343 | Depths:2 | Killed a juggernaut
 54325 | Depths:4 | Entered Level 4 of the Depths
 54331 | Depths:4 | Identified the +1 robe of the Crushed Beggars {Dex+5 SInv}
 54663 | Depths:4 | Found a gate to the Realm of Zot.
 54668 | Depths:4 | Reached skill level 27 in Axes
 54881 | Depths:4 | Noticed a juggernaut
 54889 | Depths:4 | Killed a juggernaut
 55179 | Depths:4 | Identified the +1 robe of a Hundred Spines {Str+4 SInv}
 55500 | Depths:4 | Reached XP level 23. HP: 217/240 MP: 22/22
 55758 | Depths:4 | Reached skill level 27 in Armour
 55849 | Zot:1    | Entered Level 1 of the Realm of Zot
 55949 | Zot:1    | Noticed Grunn
 55960 | Zot:1    | Killed Grunn
 56484 | Zot:1    | Reached skill level 15 in Dodging
 57340 | Zot:1    | Noticed a Killer Klown
 57350 | Zot:1    | Killed a Killer Klown
 60311 | Zot:3    | Identified the +1 ring mail of Hicedghegg {rN+ Dex+3}
 61171 | Zot:4    | Found a runed translucent gate.
 61171 | Zot:4    | Found a runed translucent gate.
 61171 | Zot:4    | Found a runed translucent gate.
 61186 | Zot:4    | Noticed wilo's ghost (master MfBe)
 61189 | Zot:4    | Found a viscous altar of Jiyva.
 61231 | Zot:4    | Noticed an orb of fire
 61367 | Zot:4    | Noticed a curse toe
 61375 | Zot:4    | Killed a curse toe
 61376 | Zot:4    | Reached XP level 24. HP: 249/249 MP: 22/22
 62706 | Elf:1    | Entered Level 1 of the Elven Halls
 63539 | Elf:1    | Paralysed by an air elemental for 1 turns
 63832 | Elf:2    | Paralysed by an air elemental for 1 turns
 63849 | Elf:2    | Paralysed by an air elemental for 1 turns
 63857 | Elf:2    | Paralysed by an air elemental for 1 turns
 64153 | Elf:2    | Found a runed translucent gate.
 64154 | Elf:2    | Found a runed translucent gate.
 64154 | Elf:2    | Found a runed translucent gate.
 65228 | Elf:3    | Entered Level 3 of the Elven Halls
 65261 | Elf:3    | Identified the +6 tower shield of Ignis, Protecting
                  | {Rampage rCorr Dex-3}
 65261 | Elf:3    | Noticed Louise
 65267 | Elf:3    | Killed Louise
 65363 | Elf:3    | Identified the +9 hand axe "Ruotiz" {freeze, Str+2 Int+3
                  | SInv}
 65532 | Elf:3    | Found Luepial's Armour Shop.
 66524 | Elf:3    | Found the +2 shield of Resistance {rF++ rC++ Will++}
 66667 | Elf:3    | Identified the +0 leather armour of Ythreani {rC+ Will+
                  | Str+4}
 66671 | Elf:3    | Identified the +5 chain mail "Efrudut" {rF+}
 66682 | Elf:3    | Got Qowkiax's Writings on Topological Formulae
 66686 | Elf:3    | Identified the ring of Generosity {Fly rPois}
 66690 | Elf:3    | Identified the ring "Jurphatirr" {Fire Int+2 Dex+2}
 66699 | Elf:3    | Got Geinihuy's Elucidation of the Algid Mountains
 67246 | Slime:1  | Entered Level 1 of the Pits of Slime
 68212 | Zot:4    | Killed an orb of fire
 68478 | Zot:5    | Entered Level 5 of the Realm of Zot
 68680 | Zot:5    | Reached XP level 25. HP: 257/257 MP: 22/22
 68890 | Zot:5    | Identified the +9 dagger "Beastbane" {speed, rF+}
 68911 | Zot:5    | Noticed a dread lich
 68912 | Zot:5    | Noticed a Killer Klown
 68917 | Zot:5    | Noticed an orb of fire
 68923 | Zot:5    | Killed an ancient lich
 68929 | Zot:5    | Noticed an ancient lich
 68930 | Zot:5    | Noticed an ancient lich
 68937 | Zot:5    | Killed an ancient lich
 68937 | Zot:5    | Killed an ancient lich
 68938 | Zot:5    | Noticed a dread lich
 68941 | Zot:5    | Killed a dread lich
 68968 | Zot:5    | Noticed a Killer Klown
 68972 | Zot:5    | Noticed a dread lich
 68976 | Zot:5    | Killed a Killer Klown
 68977 | Zot:5    | Noticed an orb of fire
 68982 | Zot:5    | Noticed an orb of fire
 68987 | Zot:5    | Killed an orb of fire
 68990 | Zot:5    | Killed an orb of fire
 68992 | Zot:5    | Killed a dread lich
 68994 | Zot:5    | Noticed an orb of fire
 69000 | Zot:5    | Got the Orb of Zot
 69016 | Zot:5    | Noticed a dread lich
 69023 | Zot:5    | Killed an orb of fire
 69032 | Zot:5    | Noticed Orax the pandemonium lord
 69039 | Zot:5    | Killed a dread lich
 69119 | Zot:2    | Noticed a seraph
 69332 | D:15     | Noticed Nudongu the pandemonium lord
 69608 | D:$      | Escaped with the Orb!

Illustrated notes

Levels and vault maps discovered:
D:1:      scummos_arrival_simple_crosswalls, layout_rooms, bh_walls_and_bars
D:2:      layout_basic, basic_altar, minmay_rat_gold_closets
D:3:      layout_loops_ring, mainiacjoe_overflow_six_doors_small,
          mainiacjoe_overflow_boulevard
D:4:      layout_basic, kennysheep_generic_room_3
D:5:      layout_rooms, mainiacjoe_overflow_alcove_2,
          lemuel_zombie_altar_yredelemnul, minmay_temple_entry_wispy
D:6:      layout_loops_cross, serial_shops, nicolae_shop_advertising_works
          [nicolae_subvault_shop_adworks], shop, shop,
          nicolae_shop_behind_doors, nicolae_shop_bloodbath_and_beyond,
          uniq_duvessa
D:7:      layout_cave_pools, amethyst_overflow_temple_binary,
          mainiacjoe_overflow_cross_hatched
D:8:      layout_basic, fedhas_altar_1, kennysheep_crisscross
D:9:      layout_big_octagon, david_orc_3, hangedman_weighted_door
D:10:     layout_loops_ring, worldfamousw_hep_ancestral_shrine
D:11:     layout_roguey, erik_lair_orcish_takeover, gauntlet_entry_generic,
          kennysheep_donut, amethyst_killhole, eino_house_with_fridge
D:12:     layout_gridville, serial_rivers, chequers_serial_rivers_micro_e,
          chequers_serial_rivers_large_a, chequers_serial_rivers_room_a,
          chequers_serial_rivers_small_b, chequers_serial_rivers_micro_c,
          hellmonk_ghost_big_iron, serial_bayou_ford_a,
          kennysheep_orc_sif_temple
D:13:     layout_irregular_city, nicolae_trove_entry_isolated, uniq_snorg,
          uniq_jorgrun, uniq_sonja
D:14:     erik_rubicon_b, layout_loops_ring, david_vaults_3,
          minmay_misc_feat_secret_circle, minmay_misc_feat_ornament
D:15:     gammafunk_depths_entry_grave, layout_loops_ring,
          okawaru_ov_weapons_minmay, minmay_unpleasant_kobolds, uniq_agnes
Lair:1:   layout_regular_city, nzn_ghost_randoct
Lair:2:   layout_regular_city, evilmike_ambush [evilmike_ambush_outer_basic,
          evilmike_ambush_inner_pond]
Lair:3:   layout_loops_ring, nicolae_shoals_entry_roost,
          nicolae_snake_entry_squirm, nicolae_lair_lindhole
Lair:4:   layout_regular_city, slime_entry_1, serial_bayou_pond_c,
          minmay_hedge_maze
Lair:5:   due_jungle_book, layout_regular_city
Shoals:1: layout_shoals, serial_shops, shop,
          nicolae_shoals_beach_house_on_fowls_legs
Shoals:2: layout_shoals, nicolae_shoals_so_close
Shoals:3: layout_shoals, nicolae_shop_overcharged_wands
Shoals:4: shoals_end_grunt_ice, layout_shoals,
          nicolae_shoals_pincushion_passage, uniq_mara
Snake:1:  layout_grid_maze, minmay_shop_grove, serial_bayou_shore_b
Snake:2:  cheibrodos_forgotten_conduit, layout_chambers
Snake:3:  layout_basic, grunt_ministairs_3, lemuel_fruit_tree
Snake:4:  hellmonk_snake_rune_quicksilver_temple, layout_cave_town,
          library_closet, grunt_megastairs_5, serial_bayou_shore_b,
          serial_bayou_shore_a
Slime:1:  layout_caves
Orc:1:    layout_diamond_mine, uniq_gastronok
Orc:2:    st_orc_ogre_mass, layout_caves, portal_ice_cave_rime,
          minmay_orc_treasury
Elf:1:    eino_elf_arrival_customs, layout_onion_city, minivault_28
Elf:2:    nicolae_elf_blades_crystal_corner, layout_geoelf_grid
Elf:3:    minmay_elf_hall_statues, layout_loops_corners, serial_shops, shop,
          grunt_ministairs_10, uniq_louise
Vaults:1: v_misc_5, nicolae_vaults_trapezoid_3, vaults_room_corners,
          nicolae_vaults_trapezoid_3, vaults_room_pool, st_eye, v_alt_pattern_6,
          vaults_dpeg_emergency_exit, ontoclasm_vaults_twist,
          nicolae_vaults_double_plus_1, nicolae_vaults_two_Ls,
          nicolae_vaults_offset_grid_hallway_3,
          nicolae_vaults_closet_pinwheel_2, hangedman_vaults_maws,
          nicolae_vaults_double_plus_2, layout_vaults_omnicross,
          uniq_saint_roka, uniq_norris
Vaults:2: gammafunk_ghost_arena, nicolae_vaults_asterisk,
          nicolae_vaults_oval_intersection,
          nicolae_vaults_shipping_containers_5, hangedman_vaults_trim,
          nicolae_vaults_ninety_degrees, ontoclasm_vaults_bender,
          minmay_crypt_entry_simple_box, nicolae_vaults_diamond_2,
          nicolae_vaults_network_quinsquares
          [nicolae_vaults_network_quincunx_subvault,
          nicolae_vaults_network_quincunx_subvault,
          nicolae_vaults_network_quincunx_subvault,
          nicolae_vaults_network_quincunx_subvault],
          nicolae_vaults_ring_of_whatevers, nicolae_vaults_tetromino_Z_1,
          nicolae_vaults_frosty_reception, vaults_mumra_chevron_long,
          nicolae_vaults_mini_display_case, nicolae_vaults_trapezoid_lopsided_1,
          layout_vaults_ring
Vaults:3: portal_desolation_entry_holy_temple, nicolae_vaults_know_your_exits,
          v_misc_12, v_misc_8, nicolae_vaults_cochlea, hangedman_vaults_nails,
          ontoclasm_vaults_gateway, vaults_room_stairs_pillars, v_misc_5,
          layout_vaults_chaotic_city, serial_shops, shop_coins
Vaults:4: hangedman_vaults_cutoff, dpeg_vaults_monster_box,
          ontoclasm_vaults_claustrophobia, nicolae_vaults_trapezoid_lopsided_3,
          nicolae_vaults_storage_closets_3, gammafunk_sealed_library,
          nicolae_vaults_storage_room_doors, vaults_dpeg_ring,
          nicolae_vaults_cochlea, nicolae_vaults_specimen_jars,
          layout_vaults_maze, uniq_jory
Vaults:5: uniq_boris
Depths:1: layout_cave_shapes, enter_ziggurat_e,
          nicolae_hell_entry_hellmouth_sunbeams, hangedman_decor_growths,
          serial_shops, nicolae_shop_dealshenge, shop, shop, shop,
          nicolae_shop_mannequins, abyss_entry_small_statue_room,
          patterned_corridor
Depths:2: box_level_dp, hell_entry, pan_entry
Depths:3: nzn_winding_woodlands_three_and_one
          [nzn_winding_woodlands_5x15_split_checker,
          nzn_winding_woodlands_5x15_default, nzn_winding_woodlands_5x15_zeroes,
          nzn_winding_woodlands_center_diamonds], layout_honeycomb,
          minmay_staircase_windowed_small, hangedman_abyss_entry_splay,
          hell_entry, rand_demon_pan_entry_8
Depths:4: grunt_zot_entry_tricorne, layout_gridlike, serial_aquarium,
          aquarium_bridge_long_separate [aquarium_subvault_window,
          aquarium_subvault_bridge, aquarium_subvault_window,
          aquarium_subvault_window, aquarium_subvault_window,
          aquarium_subvault_bridge], aquarium_window_3, aquarium_window_fake,
          aquarium_window_2, aquarium_view_2b, aquarium_view_2c,
          aquarium_pool_side, abyss_entry, hell_entry
Zot:1:    circus_mu, layout_misc_corridors,
          regret_index_zotdec_serpentine_coiled, zot_minivault_1, uniq_grunn
Zot:2:    layout_gridlike
Zot:3:    layout_cathedral_of_symmetry
Zot:4:    layout_cathedral_of_symmetry, gammafunk_ghost_ooze,
          regret_index_zotdec_silver_v_v_orig_slice, grunt_megastairs_3
Zot:5:    layout_twisted_circle

Skill      XL: |  1  2  3  4  5  6  7  8  9 10 11 12 13 14 15 16 17 18 19 20 21 22 23 24 25 |
---------------+----------------------------------------------------------------------------+-----
Fighting       | 4 5 6 7 9 11 13 14 16 17 18 20 21 23 25 26 27 | 27.0
Axes           | 3 4 5 6 7 9 11 13 14 15 17 18 19 20 21 22 23 24 26 27 | 27.0
Armour         | 4 5 6 7 8 9 11 12 13 16 18 20 22 23 24 25 26 27 | 27.0
Evocations     | 3 6 8 10 11 12 13 14 15 16 18 20 21 | 21.4
Dodging        | 4 6 8 9 11 12 13 17 20 21 | 21.7
Shields        | |  3.6

Action                     |  1- 3 |  4- 6 |  7- 9 | 10-12 | 13-15 | 16-18 | 19-21 | 22-24 | 25-27 || total
---------------------------+-------+-------+-------+-------+-------+-------+-------+-------+-------++-------
  Melee: War axe           |    94 |   105 |   186 |   420 |   392 |       |       |       |       ||  1197
         Headbutt          |     8 |    14 |    26 |    98 |   207 |   197 |   221 |   267 |    16 ||  1054
         Executioner's axe |       |       |       |       |   434 |   802 |   729 |   951 |    79 ||  2995
  Throw: Dart              |       |     5 |     3 |       |       |       |       |       |       ||     8
 Invoke: Call Merchant     |       |       |       |     2 |     3 |     1 |     1 |       |       ||     7
         Potion Petition   |       |       |       |       |       |     2 |     3 |     2 |       ||     7
         Bribe Branch      |       |       |       |       |       |       |       |     2 |       ||     2
  Evoke: Lightning rod     |       |       |       |    10 |    15 |     8 |     4 |     1 |     1 ||    39
         Box of beasts     |       |       |       |     2 |     2 |     1 |       |       |     2 ||     7
         Phial of floods   |       |       |       |     2 |     1 |       |       |       |       ||     3
         Phantom mirror    |       |       |       |       |       |     1 |     1 |     1 |     2 ||     5
    Use: Scroll            |       |     7 |     5 |     5 |    29 |     7 |     7 |     7 |     3 ||    70
         Potion            |       |       |       |     6 |     7 |     7 |     1 |     5 |     7 ||    33
   Stab: Distracted        |       |       |     1 |     3 |     8 |    20 |    18 |    27 |     3 ||    80
         Invisible         |       |       |       |       |       |       |       |       |     2 ||     2
 Armour: Scale mail        |    54 |    79 |   156 |     6 |       |       |       |       |       ||   295
         Plate armour      |       |       |       |   392 |   748 |   798 |    58 |       |       ||  1996
         Crystal plate arm |       |       |       |       |       |       |   407 |   668 |    39 ||  1114
  Dodge: Dodged            |    27 |    46 |    77 |   108 |   211 |   290 |   173 |   222 |    20 ||  1174
  Block: Buckler           |    29 |    39 |    41 |    87 |    59 |       |       |       |       ||   255
         Other             |       |       |       |       |    27 |   159 |    71 |    84 |     4 ||   345
         Reflection        |       |       |       |       |     1 |    26 |    12 |     7 |       ||    46
